AoeStats
← AiM | Walter Quiver

Arena

510241642Analyzed
4v4 RM · 1d ago on Sep 30, 2026· 48m 51s· 8 players
Game mode
Random Map
Map size
Large (8 player)
Population
200
Speed
Normal
Resources
Standard
Victory
Conquest
Starting age
Dark Age
Ending age
Imperial Age
RankedLock teamsTeams togetherTeam positionsShared explorationLock speedFull tech treeHidden civsTurbo modeCheats
Victory
Defeat
🇨🇳 Britons · China
1588
+11
🇨🇳 Shu · China
1560
+13
🇨🇳 Poles · China
1556
+13
🇺🇸 Slavs · United States
1520
+14
🇦🇷 Wei · Argentina
1657
-19
🇨🇱 Persians · Chile
1508
-14
🇦🇷 Mongols · Argentina
1406
-10
🇨🇱 Teutons · Chile
1367
-8
[VL] Rio_BlancoVER
11:24 Feudal Age
14:25 Double-Bit Axe
17:24 Castle Age
15:45 Bloodlines
15:32 Gold Mining
16:36 Scale Barding Armor
17:10 Forging
18:30 Chain Barding Armor
18:28 Bow Saw
21:35 Wheelbarrow
20:45 Town Watch
22:34 Husbandry
24:37 Hand Cart
24:34 Loom
31:28 Light Cavalry
36:33 Imperial Age
35:11 Iron Casting
34:27 Fletching
35:04 Fortified Wall
35:04 Masonry
35:08 Clinker Construction
36:42 Murder Holes
36:53 Horse Collar
38:25 Conscription
39:31 Plate Barding Armor
40:53 Detinets
42:50 Blast Furnace
44:03 Bodkin Arrow
44:33 Ballistics
45:14 Chemistry
43:37 Elite Boyar
43:52 Hussar
46:26 Hoardings
教授
8:25 Loom
10:18 Feudal Age
14:40 Castle Age
13:54 Double-Bit Axe
29:11 Horse Collar
29:49 Bow Saw
32:48 Imperial Age
30:14 Crossbowman
31:23 Thumb Ring
31:22 Fletching
31:32 Gold Mining
33:11 Bodkin Arrow
33:51 Ballistics
34:31 Chemistry
34:16 Bracer
35:01 Padded Archer Armor
36:52 Chemistry
36:09 Leather Archer Armor
36:02 Arbalester
37:32 Gold Shaft Mining
38:14 Wheelbarrow
37:25 Town Watch
39:05 Stone Mining
41:02 Two-Man Saw
41:25 Bolt Magazine
42:09 Ring Archer Armor
45:05 Hand Cart
麦辣鸡翅
10:24 Feudal Age
11:02 Double-Bit Axe
14:00 Castle Age
12:07 Horse Collar
14:53 Heavy Plow
19:35 Bow Saw
21:53 Wheelbarrow
23:26 Loom
26:33 Imperial Age
25:14 Hand Cart
24:57 Gold Mining
26:05 Scale Barding Armor
26:11 Forging
26:53 Szlachta Privileges
27:11 Chain Barding Armor
26:39 Cavalier
27:32 Bloodlines
27:23 Husbandry
26:54 Capped Ram
28:34 Conscription
29:57 Iron Casting
29:43 Siege Ram
33:08 Blast Furnace
香辣鸡翅
10:08 Feudal Age
13:53 Castle Age
11:55 Double-Bit Axe
13:52 Loom
15:10 Fletching
24:38 Horse Collar
27:51 Wheelbarrow
28:06 Bow Saw
29:54 Gold Mining
29:55 Stone Mining
33:38 Imperial Age
31:26 Scale Mail Armor
31:31 Heavy Plow
31:53 Forging
31:46 Pikeman
32:45 Hand Cart
33:31 Chain Mail Armor
33:52 Iron Casting
33:25 Squires
33:11 Arson
34:50 Conscription
35:01 Plate Mail Armor
35:32 Iron Casting
34:28 Halberdier
38:19 Blast Furnace
37:16 Bodkin Arrow
37:16 Elite Longbowman
38:01 Padded Archer Armor
39:57 Two-Man Saw
40:35 Gold Shaft Mining
40:13 Bracer
40:36 Ballistics
41:16 Chemistry
41:26 Leather Archer Armor
41:11 Murder Holes
43:06 Yeomen
44:32 Ring Archer Armor
45:46 Warwolf
45:59 Siege Engineers
AiM | Walter Quiver
11:51 Feudal Age
15:21 Castle Age
13:16 Double-Bit Axe
13:13 Horse Collar
15:09 Scale Barding Armor
15:37 Bloodlines
19:36 Chain Barding Armor
22:44 Husbandry
25:13 Bow Saw
27:16 Wheelbarrow
28:08 Forging
29:17 Loom
29:49 Hand Cart
31:02 Iron Casting
31:35 Loom
31:44 Gold Mining
31:55 Heavy Plow
37:16 Imperial Age
AgeOfFentanil0
6:46 Loom
9:22 Feudal Age
14:53 Fletching
25:37 Castle Age
23:27 Double-Bit Axe
23:25 Horse Collar
24:13 Gold Mining
28:15 Bow Saw
29:52 Heavy Plow
32:11 Wheelbarrow
31:22 Town Watch
35:03 Imperial Age
33:50 Hand Cart
33:23 Pikeman
34:04 Scale Mail Armor
35:42 Chain Mail Armor
35:23 Halberdier
36:18 Forging
37:15 Plate Mail Armor
38:06 Iron Casting
37:54 Squires
41:02 Blast Furnace
Cannoli
10:00 Feudal Age
14:04 Castle Age
12:17 Double-Bit Axe
13:16 Horse Collar
15:25 Bow Saw
16:04 Heavy Plow
23:27 Wheelbarrow
23:41 Stone Mining
23:41 Gold Mining
24:36 Hand Cart
24:13 Loom
24:35 Gold Mining
25:03 Town Watch
29:19 Imperial Age
26:42 Fletching
26:52 Padded Archer Armor
27:36 Gold Shaft Mining
27:36 Stone Shaft Mining
27:54 Stone Shaft Mining
27:26 Bodkin Arrow
27:54 Ballistics
28:31 Leather Archer Armor
28:49 Tuntian
29:02 Thumb Ring
30:14 Bloodlines
30:16 Bracer
31:17 Chemistry
31:09 Ring Archer Armor
31:08 Ming Guang Armor
30:52 Scale Barding Armor
31:01 Forging
30:12 Light Cavalry
30:53 Husbandry
31:33 Parthian Tactics
32:10 Crop Rotation
32:33 Conscription
32:10 Hussar
34:17 Chain Barding Armor
34:30 Masonry
35:23 Iron Casting
39:51 Hoardings
40:31 Blast Furnace
38:57 Pikeman
39:37 Squires
39:38 Scale Mail Armor
39:57 Halberdier
44:58 Chain Mail Armor
TGT-Lord_Catan
5:09 Loom
7:35 Feudal Age
9:11 Double-Bit Axe
9:17 Fletching
21:15 Castle Age
19:51 Gold Mining
19:53 Stone Mining
19:46 Horse Collar
22:38 Bow Saw
25:36 Heavy Plow
31:52 Town Watch
35:01 Wheelbarrow
35:32 Stone Shaft Mining
38:44 Imperial Age
37:33 Bodkin Arrow
37:38 Padded Archer Armor
38:19 Hand Cart
40:42 Chemistry
40:06 Conscription
40:01 Onager
40:57 Bloodlines
40:47 Husbandry
41:36 Elite Mangudai
42:22 Nomads
44:09 Leather Archer Armor
43:54 Bracer
44:16 Ballistics
44:15 Siege Engineers
45:25 Light Cavalry
46:12 Scale Barding Armor
46:18 Forging
47:22 Chain Barding Armor
47:38 Iron Casting
48:22 Thumb Ring
49:16 Parthian Tactics
Connection lost

Rejoining the realm…

Still unreachable

The connection could not be restored.

Session expired

The server has moved on; the page needs a fresh start.